[Event "Titled Tuesday Blitz March 15 Late 2022"]
[White "Taichman, Ori"]
[Black "Hirneise, Jens"]
[WhiteFideId "2804069"]
[BlackFideId "24614734"]
[WhiteElo "2227"]
[BlackElo "2359"]
[Result "1-0"]
[Round "10"]
[TimeControl "180+1"]
[Date "2022.03.15"]
[WhiteClock "0:00:21"]
[BlackClock "0:00:54"]

1. e4 c6 2. d4 d5 3. e5 Bf5 4. h4 h5 5. Bd3 Bxd3 6. Qxd3 Qa5+ 7. Bd2 Qa6 8. e6 Qxd3 9. exf7+ Kxf7 10. cxd3 Ke8 11. Nf3 Nd7 12. Nc3 g6 13. Rh3 Bh6 14. Rg3 Bxd2+ 15. Kxd2 Rh6 16. Re1 Ngf6 17. Ng5 Nf8 18. Ne2 N6h7 19. Nf4 Nxg5 20. Rxg5 Kd7 21. b4 a5 22. b5 e6 23. Rge5 Re8 24. b6 Rh7 25. R1e3 Rf7 26. Rf3 Ree7 27. Rg5 Rf6 28. Nxg6 Rxg6 29. Rxf8 Reg7 30. Rxg6 Rxg6 31. g3 Rg7 32. Rh8 Kd6 33. Rxh5 c5 34. dxc5+ Kxc5 35. Rh6 Re7 36. h5 Kxb6 37. Rg6 Kc5 38. h6 b5 39. Rg7 Re8 40. h7 Rh8 41. g4 Kd6 42. g5 Ke5 43. g6 Kf6 44. Rg8 1-0


[Site "https://www.chess.com"]

[Event "Titled Tuesday Blitz March 15 Late 2022"]
[White "Thavandiran, Shiyam"]
[Black "Kokoszczynski, Jan"]
[WhiteFideId "2605058"]
[BlackFideId "1174460"]
[WhiteElo "2357"]
[BlackElo "2163"]
[Result "0-1"]
[Round "10"]
[TimeControl "180+1"]
[Date "2022.03.15"]
[WhiteClock "0:00:25"]
[BlackClock "0:00:07"]

1. e4 e5 2. Bc4 Nf6 3. d3 c6 4. Nf3 d5 5. Bb3 Bb4+ 6. Bd2 Bd6 7. Nc3 d4 8. Ne2 a5 9. a3 Nbd7 10. O-O Nc5 11. Ba2 Be6 12. Ng3 Bxa2 13. Rxa2 Ne6 14. Nf5 g6 15. Nh6 Nh5 16. g3 Qc7 17. c3 c5 18. cxd4 Nxd4 19. Nxd4 exd4 20. Qa4+ Qd7 21. Qxd7+ Kxd7 22. Nxf7 Rhf8 23. Nxd6 Kxd6 24. Raa1 Rf3 25. Rad1 Rxd3 26. g4 Rxd2 27. Rxd2 Nf4 28. b4 axb4 29. axb4 b6 30. bxc5+ bxc5 31. f3 d3 32. Kf2 Ke5 33. Ke3 c4 34. Rc1 Rc8 35. Rc3 Rc5 36. h4 h6 37. Ra2 g5 38. hxg5 hxg5 39. Ra8 Ng2+ 40. Kd2 Kf4 41. Rf8+ Kg3 42. Rf5 Rc6 43. e5 Nf4 44. Rxg5 Kxf3 45. Rg8 Nd5 46. Ra3 Ke4 47. Re8 c3+ 48. Kc1 c2 49. Rd8 d2+ 50. Kxd2 c1=Q+ 51. Ke2 Rc2# 0-1


[Site "https://www.chess.com"]

[Event "Titled Tuesday Blitz March 15 Late 2022"]
[White "Van Foreest, Jorden"]
[Black "Kosteniuk, Alexandra"]
[WhiteFideId "1039784"]
[BlackFideId "4128125"]
[WhiteElo "2609"]
[BlackElo "2469"]
[Result "1/2-1/2"]
[Round "10"]
[TimeControl "180+1"]
[Date "2022.03.15"]
[WhiteClock "0:00:14"]
[BlackClock "0:00:13"]

1. b3 b6 2. Bb2 Bb7 3. e3 c5 4. Nf3 Nc6 5. d4 e6 6. c4 d5 7. cxd5 exd5 8. Bb5 a6 9. Bxc6+ Bxc6 10. dxc5 bxc5 11. O-O Nf6 12. Nc3 Be7 13. Ne5 Bb7 14. Rc1 O-O 15. Na4 Rc8 16. Ba3 c4 17. Bxe7 Qxe7 18. Qd4 cxb3 19. axb3 Rxc1 20. Rxc1 Rc8 21. Rxc8+ Bxc8 22. Nc5 h6 23. h3 Qc7 24. b4 Qb6 25. Qc3 Bf5 26. f3 Qb5 27. Nb3 Qb7 28. Nd4 Be6 29. Nd3 Bc8 30. Qc5 Bd7 31. Kf2 Bb5 32. Nf4 Bc4 33. h4 Nd7 34. Qe7 Qc8 35. Nf5 Nf8 36. Qe5 f6 37. Ne7+ Kf7 38. Qxf6+ Kxf6 39. Nxc8 Nd7 40. Nd6 Bb3 41. g4 g5 42. hxg5+ hxg5 43. Ne2 Ke5 44. Nf7+ Kf6 45. Nd4 Ba2 46. Nd6 Ne5 47. Ke2 Bb1 48. Kd2 Bg6 49. Kc3 Ke7 50. Nb7 Be8 51. Nc5 Bb5 52. e4 Kd6 53. Nf5+ Kc7 54. exd5 Nxf3 55. d6+ Kb6 56. Ne7 Ne5 57. Nd5+ Kc6 58. Ne3 Kxd6 59. Ne4+ Kc6 60. Nxg5 Be2 61. Nf5 Bxg4 62. Nd4+ Kb6 63. Ne4 Nc6 64. Nb3 Bf3 65. Nd6 Bh1 66. Nc4+ Kb7 67. Nc5+ Ka7 68. Na5 Nxa5 69. bxa5 Bc6 70. Kd4 Bb5 71. Ke5 Bf1 72. Kd6 Be2 73. Kc7 Bf1 74. Nd7 Bb5 75. Nb6 Bf1 76. Nc8+ Ka8 77. Kb6 Kb8 78. Nd6 Ka8 79. Ne4 Kb8 80. Nc5 Ka8 81. Nd7 Bb5 82. Nf6 Bf1 83. Ne8 Be2 84. Kc7 Ka7 85. Nd6 Ka8 86. Nc8 Bf1 87. Nb6+ Ka7 88. Nd7 Be2 89. Nc5 Bf1 90. Nxa6 Bxa6 91. Kd6 Bb5 92. Ke5 Ka6 93. Kf4 Kxa5 1/2-1/2


[Site "https://www.chess.com"]

[Event "Titled Tuesday Blitz March 15 Late 2022"]
[White "Van den Dikkenberg, Erik"]
[Black "Desideri, Ricardo Maruchi"]
[WhiteFideId "1005880"]
[BlackFideId "2110440"]
[WhiteElo "2118"]
[BlackElo "1945"]
[Result "1-0"]
[Round "10"]
[TimeControl "180+1"]
[Date "2022.03.16"]
[WhiteClock "0:00:20"]
[BlackClock "0:00:01"]

1. e4 c5 2. Nc3 d6 3. f4 g6 4. Nf3 Bg7 5. Bc4 Nf6 6. O-O O-O 7. d3 Nc6 8. Qe1 e6 9. Kh1 d5 10. Bb3 Nd4 11. Nxd4 cxd4 12. Nd1 a5 13. a4 Qb6 14. f5 exf5 15. exf5 Bxf5 16. Qh4 Rfe8 17. Nf2 Re2 18. Bg5 Rae8 19. h3 Qd6 20. Ng4 Nxg4 21. hxg4 Bc8 22. Rae1 Rxe1 23. Rxe1 Rxe1+ 24. Qxe1 Be6 25. Qxa5 Qg3 26. Qd8+ Bf8 27. Qf6 Qe1+ 28. Kh2 Bg7 29. Qd8+ Bf8 30. Bf6 Qf2 31. Bg5 1-0


[Site "https://www.chess.com"]

[Event "Titled Tuesday Blitz March 15 Late 2022"]
[White "Vine, Elzbieta"]
[Black "Winkels, Marcel"]
[WhiteFideId "1119320"]
[BlackFideId "1003887"]
[WhiteElo "1834"]
[BlackElo "1900"]
[Result "0-1"]
[Round "10"]
[TimeControl "180+1"]
[Date "2022.03.16"]
[WhiteClock "0:01:06"]
[BlackClock "0:00:48"]

1. e4 c5 2. Nf3 d6 3. d4 cxd4 4. Nxd4 Nf6 5. Nc3 a6 6. Bg5 Nbd7 7. f4 Qc7 8. Qf3 b5 9. Bd3 Bb7 10. O-O-O h6 11. Bh4 g6 12. g4 Bg7 13. Rhg1 Nxg4 14. Ne6 fxe6 15. Qxg4 O-O-O 16. Qxe6 Kb8 17. Bxe7 Nc5 18. Qxg6 Bxc3 19. Bf6 Bxf6 20. Qxf6 Rc8 21. Rg7 Nxd3+ 22. Rxd3 Qxc2# 0-1


[Site "https://www.chess.com"]

[Event "Titled Tuesday Blitz March 15 Late 2022"]
[White "Vlassov, Nikolai"]
[Black "Hoffmann, Asa"]
[WhiteFideId "4103360"]
[BlackFideId "2001470"]
[WhiteElo "2407"]
[BlackElo "2117"]
[Result "1-0"]
[Round "10"]
[TimeControl "180+1"]
[Date "2022.03.16"]
[WhiteClock "0:00:28"]
[BlackClock "0:00:36"]

1. e4 d6 2. f4 c6 3. Nf3 Nf6 4. Nc3 d5 5. e5 Ne4 6. Bd3 Nc5 7. Be2 Bg4 8. d4 Ncd7 9. O-O e6 10. Be3 c5 11. Nb5 Nc6 12. c3 cxd4 13. Nfxd4 Bxe2 14. Qxe2 g6 15. Rf3 Be7 16. Raf1 Nxd4 17. Nxd4 Nc5 18. g4 Ne4 19. f5 gxf5 20. gxf5 Qd7 21. Qb5 O-O-O 22. Qxd7+ Kxd7 23. fxe6+ fxe6 24. Rf7 Rdf8 25. Bh6 Rhg8+ 26. Kh1 Rxf7 27. Rxf7 Rg6 28. Be3 a6 29. Rxh7 Ke8 30. h4 Bc5 31. h5 Rg4 32. Rxb7 Ng3+ 33. Kg2 Nf5+ 34. Kf2 Nxe3 35. Kxe3 Re4+ 36. Kd3 Rxe5 37. h6 Rh5 38. h7 e5 39. Rb8+ Kd7 40. h8=Q Rxh8 41. Rxh8 exd4 42. cxd4 Bb4 43. Rh6 1-0


[Site "https://www.chess.com"]

[Event "Titled Tuesday Blitz March 15 Late 2022"]
[White "Yang, Kaiqi"]
[Black "Vovk, Orest"]
[WhiteFideId "8604398"]
[BlackFideId "14113490"]
[WhiteElo "2373"]
[BlackElo "2203"]
[Result "0-1"]
[Round "10"]
[TimeControl "180+1"]
[Date "2022.03.16"]
[WhiteClock "0:00:01"]
[BlackClock "0:00:06"]

1. e4 g5 2. d4 h6 3. h4 g4 4. Nc3 Bg7 5. Be3 d6 6. Qd2 c6 7. f3 Qa5 8. O-O-O b5 9. Kb1 Be6 10. a3 Na6 11. d5 Bxc3 12. Qxc3 Qxc3 13. bxc3 Bd7 14. fxg4 Nf6 15. Bd4 Nc5 16. Bd3 cxd5 17. exd5 Rg8 18. Bxf6 exf6 19. Re1+ Kf8 20. Ne2 Rxg4 21. g3 Na4 22. Rhf1 Kg7 23. Rf4 Rc8 24. Rxg4+ Bxg4 25. Nf4 Nxc3+ 26. Kc1 a5 27. Kd2 b4 28. axb4 axb4 29. Re7 Kf8 30. Rb7 Rc5 31. Rb8+ Kg7 32. Rxb4 Bf3 33. Rb7 Bxd5 34. Rd7 Ne4+ 35. Bxe4 Bxe4 36. Rxd6 Rxc2+ 37. Ke3 Bg6 38. Nd5 f5 39. Nf4 Rc3+ 40. Kf2 h5 41. Rb6 Ra3 42. Rd6 Ra4 43. Ke3 Re4+ 44. Kf3 Re7 45. Rb6 Rc7 46. Nd5 Ra7 47. Nf4 Ra3+ 48. Kf2 Ra2+ 49. Kf3 Ra3+ 50. Kg2 Ra2+ 51. Kh3 Ra1 52. Rd6 Rh1+ 53. Kg2 Rb1 54. Kf3 Rb3+ 55. Rd3 Rb1 56. Ke3 Re1+ 57. Kd4 Re4+ 58. Kd5 Kf6 59. Kd6 Ra4 60. Kd7 Ra7+ 61. Kd6 Ra6+ 62. Kd5 Ra7 63. Re3 Rd7+ 64. Kc6 Rd1 65. Nd5+ Kg7 66. Nf4 Kf6 67. Kc5 Rd2 68. Nd5+ Kg7 69. Nf4 Kg8 70. Rd3 Rc2+ 71. Kd5 Kg7 72. Ke5 Ra2 73. Re3 Ra4 74. Rd3 Re4+ 75. Kd5 f6 76. Kd6 Bf7 77. Rc3 Rd4+ 78. Kc5 Rd1 79. Re3 Rc1+ 80. Kd4 Rc4+ 81. Kd3 Rc7 82. Ke2 Ra7 83. Kf2 Kf8 84. Kf3 Be8 85. Rc3 Ra6 86. Ke3 Ke7 87. Rc7+ Kd6 88. Rc8 Bc6 89. Nxh5 Be4 90. Nf4 Ra3+ 91. Kf2 Ra2+ 92. Ke3 Rb2 93. Rd8+ Ke7 0-1


[Site "https://www.chess.com"]

[Event "Titled Tuesday Blitz March 15 Late 2022"]
[White "Yedidia, Daniel"]
[Black "Janturin, Artur"]
[WhiteFideId "30905907"]
[BlackFideId "4130022"]
[WhiteElo "2502"]
[BlackElo "2367"]
[Result "0-1"]
[Round "10"]
[TimeControl "180+1"]
[Date "2022.03.16"]
[WhiteClock "0:00:43"]
[BlackClock "0:00:11"]

1. d4 e6 2. c4 b6 3. Nc3 Bb7 4. f3 Bb4 5. Qb3 a5 6. Be3 f5 7. Bf2 Nf6 8. a3 a4 9. Qc2 Bxc3+ 10. Qxc3 O-O 11. e3 d6 12. Bd3 Nbd7 13. Ne2 Qe7 14. O-O g6 15. Bh4 Qg7 16. Rae1 e5 17. Bf2 e4 18. fxe4 Bxe4 19. Nf4 Rae8 20. d5 Bxd3 21. Qxd3 Nc5 22. Qd4 Nfe4 23. Qxg7+ Kxg7 24. Re2 Re7 25. Be1 Rfe8 26. Rf3 Kf6 27. h3 g5 28. Nh5+ Kg6 29. Ng3 Nxg3 30. Bxg3 Re4 31. Ref2 Rf8 32. Rc2 h5 33. Be1 g4 34. hxg4 hxg4 35. Rg3 Rfe8 36. Re2 Rxc4 37. e4 Rcxe4 38. Rxe4 Rxe4 39. Bc3 Kg5 40. Bd2+ f4 41. Rc3 Kf5 42. Rc2 Re2 43. Kf1 f3 44. gxf3 gxf3 45. b4 axb3 46. Rb2 Ke4 47. a4 Kd3 48. a5 Rxd2 49. axb6 cxb6 50. Rb1 b2 51. Ke1 Kc2 52. Rxb2+ Kxb2 53. Kxd2 b5 54. Ke3 b4 55. Kxf3 b3 56. Ke3 Ka2 57. Kd4 b2 58. Kc3 b1=Q 59. Kd2 Qb3 60. Kc1 Qb2+ 61. Kd1 Kb3 62. Ke1 Kc3 63. Kf1 Kd3 64. Ke1 Qe2# 0-1


[Site "https://www.chess.com"]

[Event "Titled Tuesday Blitz March 15 Late 2022"]
[White "Zhigalko, Sergei"]
[Black "Bluebaum, Matthias"]
[WhiteFideId "13502956"]
[BlackFideId "24651516"]
[WhiteElo "2662"]
[BlackElo "2550"]
[Result "0-1"]
[Round "10"]
[TimeControl "180+1"]
[Date "2022.03.15"]
[WhiteClock "0:00:01"]
[BlackClock "0:00:29"]

1. e4 e5 2. Nf3 Nf6 3. Nxe5 d6 4. Nf3 Nxe4 5. Nc3 Nxc3 6. dxc3 Be7 7. Be3 Nd7 8. Qd2 O-O 9. O-O-O Nf6 10. Bd3 c5 11. Kb1 Be6 12. Ng5 Bd7 13. Rhe1 b5 14. Ne4 Rb8 15. Bf4 Rb6 16. Nxf6+ Bxf6 17. Bxd6 Rxd6 18. Bxh7+ Kxh7 19. Qxd6 Bg4 20. Qxd8 Bxd8 21. Rd6 Be6 22. Re4 g6 23. a4 bxa4 24. Rxa4 Bb6 25. Re4 Kg7 26. f3 c4 27. h3 Rb8 28. Kc1 Bd8 29. Rdxe6 fxe6 30. Rxc4 Rb7 31. Rc6 Kf7 32. b3 Rc7 33. Rd6 Bg5+ 34. Kd1 Bf4 35. Rd3 Kf6 36. c4 Ke7 37. Ke2 Rd7 38. Rxd7+ Kxd7 39. Kd3 Kd6 40. Ke4 Bg3 41. f4 Kc5 42. Ke5 a5 43. Kxe6 Bxf4 44. h4 Kb4 45. Kf6 Kc3 46. Kxg6 Kxc2 47. Kf5 Be3 48. c5 Bxc5 49. h5 Kxb3 0-1


[Site "https://www.chess.com"]

[Event "Titled Tuesday Blitz March 15 Late 2022"]
[White "Zhurbinsky, David"]
[Black "Farmani Anosheh, Armin"]
[WhiteFideId "2072904"]
[BlackFideId "24613240"]
[WhiteElo "2580"]
[BlackElo "2289"]
[Result "1/2-1/2"]
[Round "10"]
[TimeControl "180+1"]
[Date "2022.03.16"]
[WhiteClock "0:00:03"]
[BlackClock "0:00:16"]

1. e4 c5 2. Nf3 Nc6 3. c4 e5 4. Nc3 Be7 5. Be2 d6 6. O-O f5 7. d3 Nf6 8. a3 O-O 9. Rb1 fxe4 10. dxe4 Nd4 11. b4 b6 12. Be3 Nxe2+ 13. Qxe2 Bg4 14. h3 Bh5 15. Rfd1 Bxf3 16. Qxf3 Nd5 17. Qxf8+ Bxf8 18. Nxd5 cxb4 19. axb4 Qc8 20. Rbc1 Qb7 21. f3 Be7 22. c5 dxc5 23. bxc5 Bxc5 24. Bxc5 bxc5 25. Rxc5 h6 26. Rc7 Qb3 27. Rdc1 Rd8 28. Ne7+ Kh8 29. Nf5 Rd1+ 30. Rxd1 Qxd1+ 31. Kh2 a5 32. Rxg7 a4 33. Ra7 Qb3 34. Ra8+ Kh7 35. Ra7+ Kg8 36. Ra8+ Kf7 37. Ra7+ Ke8 38. Nd6+ Kd8 39. Nf7+ Kc8 40. Nxe5 a3 41. Nc6 a2 42. Ne7+ Kd8 43. Nc6+ Ke8 44. e5 Qb2 45. e6 a1=Q 46. Re7+ Kf8 47. Rf7+ Kg8 48. Ne7+ Kh8 49. Ng6+ Kg8 50. Ne7+ Kh8 51. Ng6+ Kg8 52. Ne7+ 1/2-1/2


[Site "https://www.chess.com"]

[Event "Titled Tuesday Blitz March 15 Late 2022"]
[White "Zotova, Anastasia"]
[Black "Ezat, Mohamed"]
[WhiteFideId "34124907"]
[BlackFideId "10600906"]
[WhiteElo "1860"]
[BlackElo "2386"]
[Result "0-1"]
[Round "10"]
[TimeControl "180+1"]
[Date "2022.03.16"]
[WhiteClock "0:00:25"]
[BlackClock "0:00:12"]

1. d4 Nf6 2. Nf3 g6 3. g3 Bg7 4. Bg2 O-O 5. O-O d6 6. c4 Nc6 7. Nbd2 a6 8. Qc2 Rb8 9. e4 e5 10. d5 Nd4 11. Nxd4 exd4 12. Nf3 c5 13. dxc6 bxc6 14. Nxd4 Qb6 15. Ne2 Re8 16. Rb1 d5 17. Be3 Qa5 18. cxd5 cxd5 19. Bf4 Rb7 20. Nc3 dxe4 21. Nxe4 Nxe4 22. Bxe4 Rbe7 23. Bc6 Re2 24. Qc4 Bh3 25. Bxe8 Rxe8 26. Rfd1 h5 27. Qd5 Re1+ 28. Rxe1 Qxd5 29. Rbd1 Qg2# 0-1


[Site "https://www.chess.com"]

[Event "Titled Tuesday Blitz March 15 Late 2022"]
[White "Albuquerque Junior,Wellington S."]
[Black "Lehtosaari, Mauri"]
[WhiteFideId "2151480"]
[BlackFideId "501999"]
[WhiteElo "2042"]
[BlackElo "2452"]
[Result "0-1"]
[Round "11"]
[TimeControl "180+1"]
[Date "2022.03.16"]
[WhiteClock "0:00:03"]
[BlackClock "0:00:05"]

1. c4 c6 2. Nf3 d5 3. g3 Nf6 4. Bg2 Bg4 5. O-O e6 6. b3 Nbd7 7. Bb2 Be7 8. d4 O-O 9. Nc3 a5 10. h3 Bh5 11. g4 Bg6 12. Nh4 Be4 13. Nxe4 Nxe4 14. Nf3 a4 15. Qd3 h6 16. Nd2 f5 17. gxf5 exf5 18. Nf3 Ndf6 19. Ne5 a3 20. Bc1 Bd6 21. Bf4 Qc7 22. f3 Ng5 23. e3 Nh5 24. Kf2 Nxf4 25. exf4 Ne6 26. Qe3 c5 27. Rac1 cxd4 28. Qd2 Bc5 29. Kg1 d3+ 30. Kh1 Nd4 31. Qxd3 Qd6 32. cxd5 b6 33. b4 Qxd5 34. bxc5 bxc5 35. Qc4 Qxc4 36. Rxc4 Rac8 37. Rfc1 Ne2 38. R1c2 Ng3+ 39. Kh2 Nh5 40. Rxc5 Rxc5 41. Rxc5 Nxf4 42. Rc7 Rb8 43. Kg3 Ne2+ 44. Kf2 Nf4 45. Rc2 g5 46. Bf1 Re8 47. Bc4+ Kg7 48. Nc6 Rc8 49. Bb3 Nd3+ 50. Ke3 Nf4 51. Nd4 Re8+ 52. Kf2 Nxh3+ 53. Kg3 Nf4 54. Nxf5+ Kf6 55. Ne3 Rxe3 56. Rc6+ Kg7 57. Rc7+ Kf6 58. Rc6+ Ne6 59. Kg4 Re5 60. Kh5 Kf5 0-1


[Site "https://www.chess.com"]

[Event "Titled Tuesday Blitz March 15 Late 2022"]
[White "Aldokhin, Ivan"]
[Black "Martin Barcelo, Carles"]
[WhiteFideId "24115720"]
[BlackFideId "24561444"]
[WhiteElo "2231"]
[BlackElo "1875"]
[Result "0-1"]
[Round "11"]
[TimeControl "180+1"]
[Date "2022.03.15"]
[WhiteClock "0:00:04"]
[BlackClock "0:00:09"]

1. d4 Nf6 2. c4 g6 3. Nc3 Bg7 4. e4 d6 5. h3 O-O 6. Nf3 e5 7. d5 Nh5 8. Nd2 Qe8 9. g3 f5 10. Be2 Nf6 11. g4 Na6 12. exf5 gxf5 13. g5 Nd7 14. Nb3 Nac5 15. Nxc5 Nxc5 16. Be3 e4 17. Qd2 Be5 18. O-O-O f4 19. Bxc5 Bxc3 20. Qxc3 dxc5 21. d6 cxd6 22. Rxd6 Qe7 23. Rf6 f3 24. Bd1 Bf5 25. Rg1 Rae8 26. Ba4 Rd8 27. Bc2 Rd4 28. Re1 Rxf6 29. gxf6 Qxf6 30. Rg1+ Bg6 31. Qe3 Rxc4 32. Qb3 Qf7 33. Kb1 a6 34. Qe3 b5 35. Bxe4 Qe6 36. Bxg6 Qxe3 37. Bxh7+ Kxh7 38. fxe3 Re4 39. Rf1 Rxe3 40. Kc2 Kg6 41. a3 Kf5 42. Kd2 Re2+ 43. Kd3 Kf4 44. b3 Rb2 45. Kc3 Rh2 46. b4 cxb4+ 47. axb4 Rxh3 48. Kd3 Rh2 49. Rg1 Rb2 50. Rg8 Rxb4 51. Kc3 Rc4+ 52. Kd3 Ra4 53. Rh8 Ra3+ 54. Kd2 Ra2+ 55. Kc3 Ke3 56. Kb3 Rd2 57. Re8+ Kf2 58. Kc3 Re2 59. Rf8 Ra2 60. Kb3 Re2 61. Rg8 Kf1 62. Kc3 f2 63. Rh8 Ra2 64. Kb3 Re2 65. Rg8 Re1 66. Kc2 Ke2 67. Re8+ Kf3 68. Rf8+ Ke3 69. Re8+ Kd4 70. Rd8+ Kc5 71. Rc8+ Kb6 72. Rd8 f1=Q 73. Rd6+ Kc5 74. Rd2 Rc1+ 75. Kb2 Rb1+ 76. Kc3 Qc4# 0-1


[Site "https://www.chess.com"]

[Event "Titled Tuesday Blitz March 15 Late 2022"]
[White "Andreikin, Dmitry"]
[Black "Paravyan, David"]
[WhiteFideId "4158814"]
[BlackFideId "4194985"]
[WhiteElo "2736"]
[BlackElo "2569"]
[Result "0-1"]
[Round "11"]
[TimeControl "180+1"]
[Date "2022.03.15"]
[WhiteClock "0:00:07"]
[BlackClock "0:00:32"]

1. e4 e5 2. Nf3 Nf6 3. Nc3 Nc6 4. d4 exd4 5. Nxd4 Bb4 6. Nxc6 bxc6 7. Bd3 O-O 8. O-O d5 9. Bd2 Rb8 10. Re1 Bg4 11. Qc1 Re8 12. h3 dxe4 13. Nxe4 Rxe4 14. Rxe4 Bxd2 15. Qxd2 Nxe4 16. Qf4 Nc5 17. Qxg4 Nxd3 18. Rd1 Qe7 19. Rxd3 Qe1+ 20. Kh2 Qxf2 21. Rf3 Qc5 22. Qd7 Qd6+ 23. Qxd6 cxd6 24. b3 Kf8 25. Rf4 a5 26. Rc4 Rb6 27. Re4 Rb4 28. c4 d5 29. Re5 f6 30. Rh5 h6 31. cxd5 Rb5 32. Rh4 cxd5 33. Kg3 Ke7 34. Ra4 Ke6 35. Kf4 Rb4+ 36. Rxb4 axb4 37. g4 g5+ 38. Ke3 f5 39. gxf5+ Kxf5 40. Kd4 h5 41. Kxd5 g4 42. hxg4+ hxg4 43. Kc5 g3 44. Kxb4 g2 45. a4 g1=Q 46. a5 Ke6 47. Kb5 Kd6 48. b4 Qa7 49. Ka4 Kc6 50. b5+ Kc5 51. b6 Qa6 52. Kb3 Qxa5 53. Kb2 Qxb6+ 54. Ka1 Kc4 55. Ka2 Kc3 56. Ka3 Qa5# 0-1


[Site "https://www.chess.com"]

[Event "Titled Tuesday Blitz March 15 Late 2022"]
[White "Andrews, Todd"]
[Black "Curtis, John"]
[WhiteFideId "2012456"]
[BlackFideId "3200256"]
[WhiteElo "2307"]
[BlackElo "2203"]
[Result "1-0"]
[Round "11"]
[TimeControl "180+1"]
[Date "2022.03.16"]
[WhiteClock "0:00:33"]
[BlackClock "0:00:08"]

1. d4 Nf6 2. c4 c5 3. Nf3 g6 4. Nc3 Bg7 5. d5 d6 6. e4 O-O 7. Be2 e6 8. O-O Re8 9. Nd2 e5 10. Rb1 Bh6 11. a3 b6 12. b4 Nbd7 13. Qc2 Nh5 14. Bxh5 gxh5 15. Nb5 Bf8 16. Rb3 a6 17. Rg3+ Kh8 18. Nc3 Be7 19. Qd1 Nf6 20. f4 Ng4 21. fxe5 Bh4 22. Rh3 Nxe5 23. Qxh5 Bxh3 24. gxh3 Qg5+ 25. Qxg5 Bxg5 26. Ne2 cxb4 27. axb4 Rg8 28. Ng3 a5 29. c5 axb4 30. cxd6 Ra2 31. Nb3 Bxc1 32. Rxc1 Nf3+ 33. Kf1 Nxh2+ 34. Ke1 Rxg3 35. Rc8+ Kg7 36. Nd2 Rg1+ 37. Ke2 Rg2+ 38. Ke3 Raxd2 39. d7 Rge2+ 40. Kf4 Nf1 41. d8=Q Rf2+ 42. Ke5 Ne3 43. Qg5# 1-0


[Site "https://www.chess.com"]

[Event "Titled Tuesday Blitz March 15 Late 2022"]
[White "Arabidze, Meri"]
[Black "Cervantes Landeiro, Thalia"]
[WhiteFideId "13604040"]
[BlackFideId "3520498"]
[WhiteElo "2335"]
[BlackElo "2021"]
[Result "1-0"]
[Round "11"]
[TimeControl "180+1"]
[Date "2022.03.15"]
[WhiteClock "0:00:08"]
[BlackClock "0:00:02"]

1. Nf3 d5 2. d4 Nf6 3. c4 dxc4 4. e3 e6 5. Bxc4 c5 6. O-O Nc6 7. Qe2 a6 8. Rd1 b5 9. Bd3 c4 10. Bc2 Nb4 11. Nc3 Nxc2 12. Qxc2 Bb7 13. a3 Be7 14. e4 O-O 15. Bg5 h6 16. Bh4 Nh5 17. Bxe7 Qxe7 18. Qd2 Rad8 19. Qe3 Nf6 20. h3 Rfe8 21. Rd2 Qc7 22. Rad1 Qb6 23. Ne5 a5 24. f3 Rc8 25. Qf2 Ba6 26. g4 Qc7 27. Rc1 Nd7 28. Nxd7 Qxd7 29. d5 b4 30. dxe6 Qxe6 31. Nd5 Bb7 32. axb4 Bxd5 33. exd5 Qa6 34. bxa5 Qxa5 35. d6 Red8 36. Rcd1 c3 37. bxc3 Qxc3 38. d7 Rb8 39. Kg2 Qe5 40. Qd4 Qe7 41. Qd6 Qe3 42. Qd3 Qe7 43. Re2 Qg5 44. Rde1 g6 45. Re8+ Kg7 46. Rxd8 Rxd8 47. Re8 Qf6 48. Rxd8 Qxd8 49. Qd6 g5 50. Qe5+ Kf8 51. Qd6+ Kg7 52. Kg3 Kg8 53. Qc6 Kf8 54. Qxh6+ Kg8 55. Qd6 Kg7 56. f4 gxf4+ 57. Kxf4 f6 58. Ke4 Qa8+ 59. Qd5 Qa4+ 60. Qd4 Qc6+ 61. Ke3 Qc1+ 62. Kf2 Qc2+ 63. Kg3 Qb3+ 64. Kh4 1-0


[Site "https://www.chess.com"]

[Event "Titled Tuesday Blitz March 15 Late 2022"]
[White "Ardila, Oscar Humberto"]
[Black "Sarkar, Justin"]
[WhiteFideId "4404742"]
[BlackFideId "2010011"]
[WhiteElo "1966"]
[BlackElo "2038"]
[Result "1/2-1/2"]
[Round "11"]
[TimeControl "180+1"]
[Date "2022.03.16"]
[WhiteClock "0:00:33"]
[BlackClock "0:00:05"]

1. d4 Nf6 2. c4 e6 3. Nc3 Bb4 4. Bd2 c5 5. dxc5 Na6 6. Nf3 Nxc5 7. e3 O-O 8. Be2 d6 9. O-O b6 10. Qc2 Bb7 11. Rfd1 Qe7 12. a3 Bxc3 13. Bxc3 Be4 14. Bxf6 Qxf6 15. Qc3 Qxc3 16. bxc3 Rfd8 17. Nd4 Kf8 18. Bf3 Bxf3 19. gxf3 Rd7 20. Kf1 Na4 21. Rac1 Rc8 22. Nb5 Rxc4 23. Nxd6 Rxc3 24. Nb5 Rxd1+ 25. Rxd1 Rb3 26. Nxa7 Rxa3 27. Rd7 Nc5 28. Rc7 g5 29. Nc6 Ra2 30. Ne5 f5 31. Rxh7 b5 32. Nd7+ Nxd7 33. Rxd7 b4 34. Rb7 Rb2 35. Kg2 b3 36. f4 gxf4 37. exf4 Rb1 38. Kf3 Ke8 39. h4 Rh1 40. Kg2 Rxh4 41. Kg3 Rg4+ 42. Kf3 Rh4 43. Kg3 Rg4+ 44. Kf3 Rh4 45. Ke3 Rh3+ 46. f3 Rh1 47. Rxb3 Ke7 48. Rb7+ Kf6 49. Rb8 Re1+ 50. Kf2 Rd1 51. Ke2 Rc1 52. Rf8+ Ke7 53. Rh8 Rc2+ 54. Ke3 Ra2 55. Rh7+ Kd6 56. Rh8 Ra3+ 57. Kf2 Ra2+ 58. Kg3 Ra3 59. Rd8+ Ke7 60. Rb8 Kf6 61. Rb6 Ra1 62. Rb3 Ra2 63. Rc3 Rb2 64. Re3 Rc2 65. Re1 Rb2 66. Rh1 Ra2 67. Rh6+ Kf7 68. Rh7+ Kf6 69. Rh8 Rb2 70. Rf8+ Ke7 71. Ra8 Kf6 72. Ra3 Rc2 73. Kh3 Rd2 74. Rb3 Rc2 75. Kh4 Rh2+ 76. Kg3 Rc2 77. Rb7 Rd2 78. Rc7 Rb2 79. Rc1 Ra2 80. Rd1 Rb2 81. Re1 Rc2 82. Re5 Rd2 83. Ra5 Rc2 84. Ra8 Rd2 85. Rf8+ Ke7 86. Rg8 Kf7 87. Rh8 Kg7 88. Ra8 Kf6 89. Rf8+ Kg7 90. Rb8 Kf6 91. Rf8+ 1/2-1/2


[Site "https://www.chess.com"]

[Event "Titled Tuesday Blitz March 15 Late 2022"]
[White "Awoki, Daniel Teidi"]
[Black "Foisor, Sabina-Francesca"]
[WhiteFideId "2100827"]
[BlackFideId "1212915"]
[WhiteElo "2023"]
[BlackElo "2243"]
[Result "0-1"]
[Round "11"]
[TimeControl "180+1"]
[Date "2022.03.16"]
[WhiteClock "0:00:01"]
[BlackClock "0:00:48"]

1. c4 e6 2. g3 d5 3. Bg2 Nf6 4. Bf3 Be7 5. Bg2 O-O 6. Nf3 c5 7. O-O Nc6 8. b3 d4 9. d3 h6 10. Nbd2 e5 11. Rb1 Bg4 12. Ne4 Nxe4 13. dxe4 f5 14. exf5 Bxf5 15. Ra1 Bf6 16. Nd2 Qe7 17. Ne4 Rad8 18. a3 Bg4 19. Qc2 Rd7 20. Bb2 Nd8 21. Rad1 Nf7 22. Bc1 b6 23. h3 Be6 24. Kh2 Nd6 25. Nxd6 Qxd6 26. Be4 Qe7 27. f4 exf4 28. Bxf4 Rdd8 29. h4 Bxh4 30. Rg1 Bg5 31. Bxg5 Qxg5 32. Qd3 Qh5+ 33. Kg2 Qh3# 0-1


[Site "https://www.chess.com"]

[Event "Titled Tuesday Blitz March 15 Late 2022"]
[White "Badelka, Olga"]
[Black "Prohorov, Olexandr"]
[WhiteFideId "13509926"]
[BlackFideId "14105578"]
[WhiteElo "2165"]
[BlackElo "1993"]
[Result "1-0"]
[Round "11"]
[TimeControl "180+1"]
[Date "2022.03.16"]
[WhiteClock "0:00:45"]
[BlackClock "0:00:05"]

1. c4 g6 2. Nc3 Bg7 3. g3 c5 4. Bg2 Nc6 5. e3 e6 6. Nge2 Nge7 7. d4 cxd4 8. exd4 d5 9. cxd5 Nxd5 10. Nxd5 exd5 11. O-O O-O 12. h3 Bf5 13. Be3 Re8 14. Nc3 Be4 15. Nxe4 dxe4 16. d5 Nb4 17. Qb3 Nd3 18. Bxe4 Nxb2 19. Bg2 Rc8 20. Rac1 Qd7 21. Bxa7 b5 22. Be3 Nc4 23. Bf4 h6 24. h4 Ra8 25. Rfe1 Rxe1+ 26. Rxe1 Ra3 27. Qb1 Kh7 28. h5 Nd6 29. hxg6+ fxg6 30. Re6 Nf5 31. Be4 Qf7 32. g4 Nh4 33. Bg3 Nf3+ 34. Kg2 Ng5 35. Bxg6+ 1-0


[Site "https://www.chess.com"]